2888 views
Uploaded 2019-12-01 21:21:17
Game version 1.32.0.3 / 1.32.0.3.1
21:55 long 4on4 ladder game on (8)Mur'gulOasis_LV
Saved by iggythefisk
2888 views
Uploaded 2019-12-01 21:21:17
Game version 1.32.0.3 / 1.32.0.3.1
21:55 long 4on4 ladder game on (8)Mur'gulOasis_LV


69 units @ 6.7k
/ 0.4k
161 buildings @ 13.3k
/ 5.9k



| Healing Salve | 3 | 300 |
| Lesser Clarity Potion | 7 | 490 |
| Orb of Lightning | 3 | 1125 |
| Boots of Speed | 3 | 750 |
| Staff of Teleportation | 3 | 450 |
| Staff of Sanctuary | 3 | 750 |
| total: | 22 | 3865g |
| Peon | 10 | 750 | / | 0 |
| total: | 10 | 750g | / | 0w |
| Watch Tower | 30 | 3300 | / | 2400 |
| Altar of Storms | 1 | 180 | / | 50 |
| War Mill | 1 | 205 | / | 0 |
| Orc Burrow | 2 | 320 | / | 80 |
| Voodoo Lounge | 4 | 520 | / | 120 |
| Stronghold | 1 | 315 | / | 190 |
| Fortress | 1 | 325 | / | 190 |
| total: | 38 | 4525g | / | 2650w |
| 0:03 | Peon |
| 0:04 | Peon |
| 0:11 | Altar of Storms |
| 0:15 | Peon |
| 0:20 | War Mill |
| 0:24 | Orc Burrow |
| 0:49 | Peon |
| 1:05 | Peon |
| 1:13 | Peon |
| 1:24 | Peon |
| 1:34 | Watch Tower |
| 1:38 | Peon |
| 1:58 | Peon |
| 2:11 | Watch Tower |
| 2:12 | Wind Walk |
| 2:19 | Peon |
| 2:26 | Watch Tower |
| 3:00 | Stronghold |
| 3:02 | Orc Burrow |
| 3:14 | Voodoo Lounge |
| 3:29 | Watch Tower |
| 3:32 | Watch Tower |
| 3:40 | Boots of Speed |
| 3:43 | Staff of Teleportation |
| 4:01 | Watch Tower |
| 4:08 | Watch Tower |
| 4:25 | Healing Salve |
| 4:27 | Lesser Clarity Potion |
| 4:29 | Lesser Clarity Potion |
| 5:07 | Watch Tower |
| 5:19 | Watch Tower |
| 5:20 | Watch Tower |
| 5:47 | Fortress |
| 6:15 | Lesser Clarity Potion |
| 6:21 | Healing Salve |
| 6:33 | Watch Tower |
| 6:58 | Critical Strike |
| 7:09 | Voodoo Lounge |
| 7:10 | Voodoo Lounge |
| 7:14 | Voodoo Lounge |
| 7:36 | Shockwave |
| 8:05 | Lesser Clarity Potion |
| 8:07 | Lesser Clarity Potion |
| 8:08 | Orb of Lightning |
| 8:23 | Watch Tower |
| 9:00 | Boots of Speed |
| 9:03 | Staff of Teleportation |
| 10:47 | Wind Walk |
| 10:49 | Endurance Aura |
| 10:52 | Healing Wave |
| 10:55 | Healing Salve |
| 10:56 | Orb of Lightning |
| 11:09 | Staff of Sanctuary |
| 11:17 | Watch Tower |
| 11:18 | Watch Tower |
| 11:18 | Watch Tower |
| 11:26 | Lesser Clarity Potion |
| 11:27 | Lesser Clarity Potion |
| 13:09 | Watch Tower |
| 13:10 | Watch Tower |
| 13:11 | Watch Tower |
| 13:11 | Watch Tower |
| 13:12 | Watch Tower |
| 13:22 | Reinforced Defenses |
| 13:57 | Hex |
| 14:20 | Watch Tower |
| 14:20 | Watch Tower |
| 14:21 | Watch Tower |
| 14:22 | Watch Tower |
| 14:24 | Watch Tower |
| 14:52 | Shockwave |
| 16:07 | Orb of Lightning |
| 16:23 | Boots of Speed |
| 16:23 | Staff of Teleportation |
| 16:49 | Staff of Sanctuary |
| 16:54 | Staff of Sanctuary |
| 17:39 | Critical Strike |
| 18:05 | Steel Ranged Weapons |
| 18:44 | Healing Wave |
| 19:33 | Watch Tower |
| 19:33 | Watch Tower |
| 19:34 | Watch Tower |
| 19:35 | Watch Tower |
| 19:35 | Watch Tower |
| 21:00 | Endurance Aura |
| Right click | 1630 |
| Select | 413 |
| Select group | 297 |
| Build/train/purchase | 122 |
| Chat | 119 |
| Use ability | 56 |
| Assign group | 8 |
| Minimap ping | 7 |
| Item give/drop | 4 |
| Misc. action | 3 |



x1)
| Scroll of Regeneration | 1 | 100 |
| Staff of Sanctuary | 3 | 750 |
| Orb of Fire | 1 | 325 |
| Staff of Teleportation | 3 | 450 |
| Boots of Speed | 3 | 750 |
| Periapt of Vitality | 4 | 1300 |
| Tome of Retraining | 1 | 300 |
| Orb of Lightning | 2 | 750 |
| total: | 18 | 4725g |
| Peasant | 14 | 1050 | / | 0 |
| Priest | 2 | 270 | / | 20 |
| total: | 16 | 1320g | / | 20w |
| Scout Tower | 46 | 1380 | / | 920 |
| Arcane Tower | 8 | 560 | / | 400 |
| Guard Tower | 12 | 840 | / | 600 |
| Altar of Kings | 1 | 180 | / | 50 |
| Farm | 4 | 320 | / | 80 |
| Lumber Mill | 2 | 240 | / | 0 |
| Arcane Vault | 3 | 390 | / | 90 |
| Arcane Sanctum | 1 | 150 | / | 140 |
| Keep | 1 | 320 | / | 210 |
| Castle | 1 | 360 | / | 210 |
| total: | 57 | 2660g | / | 1280w |
| 0:03 | Peasant |
| 0:04 | Peasant |
| 0:08 | Altar of Kings |
| 0:18 | Farm |
| 0:22 | Peasant |
| 0:39 | Peasant |
| 0:40 | Peasant |
| 0:42 | Scout Tower |
| 1:04 | Peasant |
| 1:07 | Lumber Mill |
| 1:09 | Scout Tower |
| 1:14 | Farm |
| 1:20 | Peasant |
| 1:23 | Peasant |
| 1:26 | Arcane Tower |
| 1:28 | Scout Tower |
| 1:32 | Peasant |
| 1:43 | Scout Tower |
| 1:48 | Peasant |
| 1:57 | Peasant |
| 2:04 | Arcane Tower |
| 2:15 | Summon Water Elemental |
| 2:19 | Guard Tower |
| 2:22 | Scout Tower |
| 2:30 | Peasant |
| 2:30 | Peasant |
| 2:49 | Scout Tower |
| 2:50 | Scout Tower |
| 2:51 | Guard Tower |
| 3:05 | Peasant |
| 3:18 | Guard Tower |
| 3:21 | Scout Tower |
| 3:22 | Scout Tower |
| 3:33 | Brilliance Aura |
| 3:42 | Keep |
| 3:44 | Farm |
| 3:44 | Farm |
| 3:51 | Guard Tower |
| 3:52 | Scout Tower |
| 3:53 | Scout Tower |
| 3:54 | Scout Tower |
| 3:55 | Scout Tower |
| 4:02 | Staff of Teleportation |
| 4:04 | Boots of Speed |
| 4:50 | Summon Water Elemental |
| 5:02 | Guard Tower |
| 5:04 | Scout Tower |
| 5:06 | Scout Tower |
| 5:07 | Scout Tower |
| 5:07 | Scout Tower |
| 5:08 | Scout Tower |
| 5:17 | Arcane Vault |
| 5:17 | Arcane Vault |
| 5:18 | Arcane Vault |
| 5:50 | Arcane Tower |
| 5:51 | Guard Tower |
| 6:06 | Castle |
| 6:14 | Arcane Sanctum |
| 6:26 | Arcane Tower |
| 6:26 | Guard Tower |
| 6:41 | Arcane Tower |
| 6:49 | Improved Masonry |
| 7:05 | Storm Bolt |
| 7:10 | Scout Tower |
| 7:11 | Scout Tower |
| 7:12 | Scout Tower |
| 7:21 | Staff of Teleportation |
| 7:21 | Boots of Speed |
| 7:23 | Periapt of Vitality |
| 7:35 | Tome of Retraining |
| 7:35 | Retrain Hero |
| 7:38 | Brilliance Aura |
| 7:38 | Brilliance Aura |
| 7:39 | Blizzard |
| 7:57 | Scroll of Regeneration |
| 8:29 | Magic Sentry |
| 8:45 | Staff of Sanctuary |
| 9:59 | Holy Light |
| 10:27 | Priest |
| 10:27 | Priest Adept Training |
| 10:31 | Staff of Sanctuary |
| 10:33 | Orb of Fire |
| 10:38 | Guard Tower |
| 10:40 | Scout Tower |
| 10:41 | Scout Tower |
| 10:41 | Scout Tower |
| 10:47 | Staff of Teleportation |
| 10:58 | Boots of Speed |
| 11:09 | Periapt of Vitality |
| 11:46 | Orb of Lightning |
| 12:38 | Guard Tower |
| 12:40 | Scout Tower |
| 12:40 | Scout Tower |
| 12:41 | Scout Tower |
| 12:41 | Scout Tower |
| 12:52 | Staff of Sanctuary |
| 13:01 | Scout Tower |
| 13:02 | Scout Tower |
| 13:02 | Scout Tower |
| 13:03 | Scout Tower |
| 13:18 | Bash |
| 13:38 | Divine Shield |
| 14:14 | Blizzard |
| 14:21 | Arcane Tower |
| 14:24 | Scout Tower |
| 14:24 | Scout Tower |
| 14:25 | Scout Tower |
| 14:26 | Scout Tower |
| 14:26 | Scout Tower |
| 14:27 | Scout Tower |
| 15:48 | Storm Bolt |
| 16:05 | Holy Light |
| 16:09 | Guard Tower |
| 16:11 | Scout Tower |
| 16:12 | Scout Tower |
| 16:13 | Scout Tower |
| 16:13 | Scout Tower |
| 16:19 | Priest Master Training |
| 16:33 | Priest |
| 16:34 | Arcane Tower |
| 16:43 | Guard Tower |
| 16:52 | Scout Tower |
| 16:53 | Scout Tower |
| 16:53 | Scout Tower |
| 16:54 | Scout Tower |
| 17:26 | Periapt of Vitality |
| 17:29 | Orb of Lightning |
| 18:01 | Arcane Tower |
| 18:44 | Lumber Mill |
| 19:34 | Improved Lumber Harvesting |
| 19:38 | Advanced Masonry |
| 19:42 | Periapt of Vitality |
| 19:57 | Guard Tower |
| 21:20 | Brilliance Aura |
| Right click | 1257 |
| Select group | 950 |
| Select | 235 |
| Chat | 123 |
| Build/train/purchase | 105 |
| Use ability | 88 |
| Misc. action | 57 |
| Item give/drop | 13 |
| Assign group | 11 |
| Minimap ping | 11 |
| Esc | 2 |



x1)
| Scroll of Regeneration | 1 | 100 |
| Staff of Sanctuary | 1 | 250 |
| Orb of Fire | 1 | 325 |
| Boots of Speed | 3 | 750 |
| Staff of Teleportation | 2 | 300 |
| Circlet of Nobility | 1 | 175 |
| Periapt of Vitality | 1 | 325 |
| Tome of Retraining | 1 | 300 |
| Healing Salve | 1 | 100 |
| Orb of Lightning | 2 | 750 |
| total: | 14 | 3375g |
| Peasant | 14 | 1050 | / | 0 |
| Priest | 1 | 135 | / | 10 |
| Makrura Deepseer | 4 | 2000 | / | 400 |
| total: | 19 | 3185g | / | 410w |
| Scout Tower | 29 | 870 | / | 580 |
| Arcane Tower | 3 | 210 | / | 150 |
| Guard Tower | 14 | 980 | / | 700 |
| Lumber Mill | 1 | 120 | / | 0 |
| Farm | 10 | 800 | / | 200 |
| Altar of Kings | 1 | 180 | / | 50 |
| Arcane Vault | 3 | 390 | / | 90 |
| Arcane Sanctum | 1 | 150 | / | 140 |
| Keep | 1 | 320 | / | 210 |
| Castle | 1 | 360 | / | 210 |
| total: | 45 | 2510g | / | 1060w |
| 0:02 | Peasant |
| 0:05 | Lumber Mill |
| 0:11 | Peasant |
| 0:19 | Farm |
| 0:20 | Peasant |
| 0:27 | Peasant |
| 0:35 | Peasant |
| 0:49 | Altar of Kings |
| 0:59 | Peasant |
| 1:04 | Peasant |
| 1:14 | Improved Masonry |
| 1:17 | Peasant |
| 1:25 | Farm |
| 1:31 | Scout Tower |
| 1:33 | Peasant |
| 1:39 | Scout Tower |
| 1:55 | Peasant |
| 2:03 | Arcane Tower |
| 2:06 | Peasant |
| 2:29 | Arcane Tower |
| 2:34 | Summon Lava Spawn |
| 2:43 | Peasant |
| 2:47 | Scout Tower |
| 2:50 | Scout Tower |
| 2:53 | Scout Tower |
| 3:14 | Peasant |
| 3:14 | Peasant |
| 3:16 | Scout Tower |
| 3:17 | Scout Tower |
| 3:18 | Guard Tower |
| 3:27 | Scout Tower |
| 3:28 | Guard Tower |
| 3:29 | Scout Tower |
| 3:30 | Guard Tower |
| 4:05 | Guard Tower |
| 4:06 | Guard Tower |
| 4:09 | Incinerate |
| 4:19 | Keep |
| 4:23 | Scout Tower |
| 4:24 | Guard Tower |
| 4:49 | Boots of Speed |
| 4:53 | Staff of Teleportation |
| 4:58 | Scout Tower |
| 4:59 | Scout Tower |
| 5:01 | Arcane Vault |
| 5:10 | Arcane Vault |
| 5:42 | Guard Tower |
| 5:43 | Scout Tower |
| 5:43 | Scout Tower |
| 5:46 | Scout Tower |
| 5:47 | Scout Tower |
| 5:49 | Arcane Vault |
| 6:11 | Guard Tower |
| 6:14 | Scout Tower |
| 6:14 | Scout Tower |
| 6:25 | Scroll of Regeneration |
| 6:30 | Scout Tower |
| 6:32 | Scout Tower |
| 6:36 | Farm |
| 6:42 | Arcane Sanctum |
| 6:44 | Improved Lumber Harvesting |
| 6:44 | Advanced Masonry |
| 7:04 | Incinerate |
| 7:07 | Castle |
| 7:10 | Guard Tower |
| 7:13 | Scout Tower |
| 7:15 | Scout Tower |
| 7:16 | Scout Tower |
| 8:01 | Pocket Factory |
| 8:13 | Magic Sentry |
| 9:03 | Boots of Speed |
| 9:21 | Guard Tower |
| 9:22 | Scout Tower |
| 9:58 | Scout Tower |
| 9:58 | Scout Tower |
| 10:46 | Imbued Masonry |
| 10:46 | Advanced Lumber Harvesting |
| 10:51 | Scout Tower |
| 10:51 | Guard Tower |
| 11:01 | Healing Salve |
| 11:31 | Guard Tower |
| 11:35 | Guard Tower |
| 11:38 | Scout Tower |
| 11:39 | Scout Tower |
| 11:51 | Farm |
| 12:08 | Makrura Deepseer |
| 12:52 | Guard Tower |
| 12:54 | Farm |
| 12:59 | Farm |
| 13:04 | Priest Adept Training |
| 13:05 | Priest |
| 13:17 | Engineering Upgrade |
| 13:27 | Farm |
| 13:28 | Farm |
| 14:08 | Soul Burn |
| 14:26 | Healing Spray |
| 15:40 | Cluster Rockets |
| 16:22 | Makrura Deepseer |
| 16:39 | Chemical Rage |
| 17:02 | Farm |
| 17:16 | Circlet of Nobility |
| 17:16 | Periapt of Vitality |
| 17:17 | Boots of Speed |
| 17:25 | Farm |
| 17:27 | Makrura Deepseer |
| 17:39 | Tome of Retraining |
| 17:39 | Retrain Hero |
| 17:44 | Soul Burn |
| 17:45 | Incinerate |
| 18:09 | Staff of Sanctuary |
| 18:45 | Staff of Teleportation |
| 19:02 | Orb of Lightning |
| 19:08 | Orb of Lightning |
| 19:16 | Orb of Fire |
| 21:28 | Makrura Deepseer |
| Right click | 1151 |
| Select group | 597 |
| Select | 338 |
| Assign group | 290 |
| Build/train/purchase | 128 |
| Use ability | 67 |
| Misc. action | 44 |
| Chat | 29 |
| Item give/drop | 6 |


| Orb of Venom | 1 | 325 |
| Boots of Speed | 2 | 500 |
| Staff of Teleportation | 2 | 300 |
| Circlet of Nobility | 1 | 175 |
| Staff of Sanctuary | 1 | 250 |
| Orb of Fire | 1 | 325 |
| total: | 8 | 1875g |
| Wisp | 24 | 1440 | / | 0 |
| total: | 24 | 1440g | / | 0w |
| Altar of Elders | 1 | 180 | / | 50 |
| Moon Well | 17 | 3060 | / | 680 |
| Hunter's Hall | 1 | 210 | / | 100 |
| Ancient of Wonders | 2 | 180 | / | 60 |
| Tree of Ages | 1 | 320 | / | 180 |
| Tree of Eternity | 1 | 330 | / | 200 |
| total: | 21 | 3630g | / | 890w |
| 0:05 | Altar of Elders |
| 0:06 | Wisp |
| 0:06 | Wisp |
| 0:21 | Moon Well |
| 0:29 | Wisp |
| 0:39 | Wisp |
| 0:50 | Moon Well |
| 1:02 | Wisp |
| 1:15 | Wisp |
| 1:26 | Wisp |
| 1:30 | Wisp |
| 1:45 | Wisp |
| 1:55 | Wisp |
| 2:08 | Wisp |
| 2:10 | Shadow Strike |
| 2:17 | Wisp |
| 2:34 | Wisp |
| 2:34 | Wisp |
| 2:51 | Wisp |
| 3:16 | Wisp |
| 3:17 | Wisp |
| 3:44 | Wisp |
| 3:44 | Wisp |
| 3:49 | Boots of Speed |
| 3:49 | Staff of Teleportation |
| 3:58 | Wisp |
| 4:34 | Blink |
| 4:48 | Tree of Ages |
| 4:56 | Hunter's Hall |
| 6:02 | Moon Well |
| 7:35 | Moon Well |
| 7:36 | Moon Well |
| 8:11 | Entangling Roots |
| 8:16 | Ancient of Wonders |
| 8:17 | Wisp |
| 8:18 | Wisp |
| 8:23 | Ancient of Wonders |
| 8:56 | Wisp |
| 8:56 | Wisp |
| 9:33 | Shadow Strike |
| 10:05 | Ultravision |
| 10:08 | Tree of Eternity |
| 10:11 | Moon Well |
| 11:12 | Moon Well |
| 11:25 | Boots of Speed |
| 11:26 | Staff of Teleportation |
| 11:28 | Circlet of Nobility |
| 12:29 | Thorns Aura |
| 12:36 | Well Spring |
| 12:38 | Moon Well |
| 12:39 | Moon Well |
| 16:00 | Staff of Sanctuary |
| 16:17 | Orb of Venom |
| 16:23 | Moon Well |
| 16:24 | Moon Well |
| 16:25 | Moon Well |
| 16:26 | Moon Well |
| 16:29 | Moon Well |
| 16:30 | Moon Well |
| 16:31 | Moon Well |
| 16:32 | Moon Well |
| 17:01 | Orb of Fire |
| 18:01 | Blink |
| 18:03 | Entangling Roots |
| Right click | 1605 |
| Select | 348 |
| Select group | 339 |
| Misc. action | 128 |
| Resource trade | 122 |
| Use ability | 85 |
| Build/train/purchase | 49 |
| Minimap ping | 3 |
| Assign group | 2 |
| Item give/drop | 2 |
101 units @ 18k
/ 3k
59 buildings @ 8.7k
/ 3.5k


| Peon | 5 | 375 | / | 0 |
| Troll Headhunter | 10 | 1400 | / | 200 |
| Kodo Beast | 2 | 510 | / | 120 |
| Troll Berserker | 2 | 280 | / | 40 |
| Spirit Walker | 2 | 390 | / | 70 |
| Demolisher | 8 | 1760 | / | 400 |
| total: | 29 | 4715g | / | 830w |
| Altar of Storms | 1 | 180 | / | 50 |
| Orc Burrow | 8 | 1280 | / | 320 |
| Barracks | 1 | 180 | / | 50 |
| War Mill | 1 | 205 | / | 0 |
| Voodoo Lounge | 1 | 130 | / | 30 |
| Beastiary | 1 | 145 | / | 140 |
| Tauren Totem | 1 | 135 | / | 155 |
| Stronghold | 1 | 315 | / | 190 |
| Fortress | 1 | 325 | / | 190 |
| Lumber Mill | 1 | 120 | / | 0 |
| Farm | 4 | 320 | / | 80 |
| Gryphon Aviary | 2 | 280 | / | 300 |
| Keep | 1 | 320 | / | 210 |
| Castle | 1 | 360 | / | 210 |
| total: | 21 | 2975g | / | 1125w |
| 0:09 | Altar of Storms |
| 0:13 | Orc Burrow |
| 0:16 | Peon |
| 0:17 | Peon |
| 0:19 | Peon |
| 0:50 | Barracks |
| 1:23 | War Mill |
| 1:41 | Orc Burrow |
| 2:00 | Peon |
| 2:03 | Peon |
| 2:15 | Feral Spirit |
| 2:37 | Orc Burrow |
| 2:44 | Troll Headhunter |
| 3:00 | Troll Headhunter |
| 3:18 | Voodoo Lounge |
| 4:15 | Chain Lighting |
| 4:29 | Stronghold |
| 4:31 | Troll Headhunter |
| 4:31 | Troll Headhunter |
| 4:32 | Troll Headhunter |
| 5:09 | Steel Ranged Weapons |
| 5:12 | Troll Headhunter |
| 5:13 | Troll Headhunter |
| 7:37 | Fortress |
| 7:45 | Beastiary |
| 7:48 | Troll Regeneration |
| 8:20 | Orc Burrow |
| 8:40 | Troll Headhunter |
| 8:44 | Steel Armor |
| 9:04 | Kodo Beast |
| 9:50 | Healing Wave |
| 9:53 | Troll Headhunter |
| 9:56 | Troll Headhunter |
| 9:59 | Kodo Beast |
| 11:12 | Berserker Upgrade |
| 11:29 | Orc Burrow |
| 12:50 | Tauren Totem |
| 13:10 | Troll Berserker |
| 13:15 | Troll Berserker |
| 13:23 | Spiked Barricades |
| 13:34 | Keep |
| 13:52 | Black Gunpowder |
| 13:53 | Studded Leather Armor |
| 14:18 | Spirit Walker Adept Training |
| 14:19 | Spirit Walker |
| 14:21 | Spirit Walker |
| 15:33 | Thorium Ranged Weapons |
| 16:24 | Castle |
| 16:30 | Lumber Mill |
| 16:48 | Demolisher |
| 16:48 | Demolisher |
| 16:49 | Demolisher |
| 16:49 | Demolisher |
| 16:49 | Demolisher |
| 16:49 | Demolisher |
| 16:49 | Demolisher |
| 16:50 | Demolisher |
| 17:08 | Farm |
| 17:13 | Farm |
| 18:20 | Orc Burrow |
| 18:23 | Orc Burrow |
| 18:42 | Farm |
| 18:44 | Farm |
| 19:01 | Gryphon Aviary |
| 19:07 | Gryphon Aviary |
| 19:25 | Orc Burrow |
| 19:43 | Burning Oil |
| Right click | 709 |
| Select | 245 |
| Build/train/purchase | 58 |
| Use ability | 19 |
| Assign group | 2 |
| Misc. action | 1 |


| Rod of Necromancy | 1 | 150 |
| Scroll of Protection | 1 | 150 |
| total: | 2 | 300g |
| Acolyte | 2 | 150 | / | 0 |
| Ghoul | 3 | 360 | / | 0 |
| Crypt Fiend | 12 | 2580 | / | 480 |
| Frost Wyrm | 7 | 2695 | / | 840 |
| total: | 24 | 5785g | / | 1320w |
| Nerubian Tower | 1 | 100 | / | 20 |
| Graveyard | 1 | 215 | / | 0 |
| Crypt | 2 | 400 | / | 100 |
| Ziggurat | 8 | 1200 | / | 400 |
| Altar of Darkness | 1 | 180 | / | 50 |
| Tomb of Relics | 1 | 130 | / | 30 |
| Sacrificial Pit | 1 | 75 | / | 150 |
| Boneyard | 2 | 350 | / | 400 |
| Halls of the Dead | 1 | 320 | / | 210 |
| Black Citadel | 1 | 325 | / | 230 |
| Scout Tower | 1 | 30 | / | 20 |
| Arcane Tower | 1 | 70 | / | 50 |
| total: | 17 | 2580g | / | 1150w |
| 0:03 | Acolyte |
| 0:03 | Acolyte |
| 0:07 | Graveyard |
| 0:19 | Crypt |
| 0:24 | Crypt |
| 0:39 | Ziggurat |
| 0:58 | Altar of Darkness |
| 1:26 | Ghoul |
| 1:34 | Ghoul |
| 1:44 | Ziggurat |
| 2:06 | Ghoul |
| 2:12 | Crypt Fiend |
| 2:26 | Tomb of Relics |
| 2:49 | Crypt Fiend |
| 2:59 | Nerubian Tower |
| 3:06 | Death Coil |
| 3:20 | Crypt Fiend |
| 3:35 | Ziggurat |
| 3:49 | Rod of Necromancy |
| 4:13 | Crypt Fiend |
| 4:32 | Creature Attack |
| 5:16 | Crypt Fiend |
| 5:52 | Scout Tower |
| 6:02 | Halls of the Dead |
| 6:05 | Crypt Fiend |
| 6:23 | Crypt Fiend |
| 6:34 | Arcane Tower |
| 6:38 | Creature Carapace |
| 6:44 | Unholy Aura |
| 7:10 | Crypt Fiend |
| 7:59 | Ziggurat |
| 8:02 | Ziggurat |
| 8:41 | Death Pact |
| 9:04 | Black Citadel |
| 9:09 | Sacrificial Pit |
| 9:13 | Web |
| 9:15 | Improved Creature Attack |
| 10:38 | Frost Nova |
| 10:55 | Crypt Fiend |
| 10:56 | Crypt Fiend |
| 10:57 | Crypt Fiend |
| 11:31 | Boneyard |
| 11:35 | Boneyard |
| 12:45 | Frost Wyrm |
| 12:50 | Frost Wyrm |
| 12:50 | Frost Wyrm |
| 13:30 | Frost Wyrm |
| 13:35 | Crypt Fiend |
| 13:58 | Frost Wyrm |
| 14:19 | Ziggurat |
| 16:10 | Frost Wyrm |
| 16:38 | Improved Creature Carapace |
| 17:18 | Ziggurat |
| 17:24 | Ziggurat |
| 18:36 | Frost Wyrm |
| 18:39 | Freezing Breath |
| 18:53 | Scroll of Protection |
| Right click | 666 |
| Select | 232 |
| Select group | 67 |
| Build/train/purchase | 49 |
| Assign group | 37 |
| Use ability | 26 |
| Remove unit | 2 |
| Item give/drop | 1 |
| Minimap ping | 1 |


| Wisp | 11 | 660 | / | 0 |
| Archer | 3 | 390 | / | 30 |
| Huntress | 16 | 3120 | / | 320 |
| Mountain Giant | 3 | 1050 | / | 300 |
| Chimaera | 2 | 660 | / | 140 |
| Druid of the Claw | 1 | 255 | / | 80 |
| Makrura Snapper | 1 | 315 | / | 0 |
| total: | 37 | 6450g | / | 870w |
| Ancient Protector | 1 | 135 | / | 80 |
| Altar of Elders | 1 | 180 | / | 50 |
| Ancient of War | 1 | 150 | / | 60 |
| Moon Well | 7 | 1260 | / | 280 |
| Hunter's Hall | 1 | 210 | / | 100 |
| Ancient of Wonders | 1 | 90 | / | 30 |
| Ancient of Lore | 1 | 155 | / | 145 |
| Chimaera Roost | 1 | 140 | / | 190 |
| Tree of Ages | 1 | 320 | / | 180 |
| Tree of Eternity | 1 | 330 | / | 200 |
| total: | 14 | 2320g | / | 935w |
| 0:08 | Altar of Elders |
| 0:14 | Ancient of War |
| 0:17 | Wisp |
| 0:34 | Moon Well |
| 0:47 | Wisp |
| 0:47 | Wisp |
| 0:48 | Wisp |
| 1:36 | Archer |
| 1:43 | Archer |
| 1:58 | Archer |
| 2:03 | Wisp |
| 2:12 | Moon Well |
| 2:30 | Trueshot Aura |
| 2:43 | Moon Well |
| 3:04 | Wisp |
| 3:07 | Wisp |
| 3:46 | Hunter's Hall |
| 4:36 | Tree of Ages |
| 4:42 | Makrura Snapper |
| 5:00 | Huntress |
| 5:01 | Huntress |
| 5:10 | Searing Arrows |
| 5:28 | Huntress |
| 5:32 | Strength of the Moon |
| 5:51 | Huntress |
| 6:18 | Huntress |
| 7:00 | Moon Well |
| 7:01 | Moon Well |
| 7:43 | Moon Glaive |
| 8:14 | Wisp |
| 8:14 | Wisp |
| 8:19 | Ancient of Lore |
| 8:28 | Ancient of Wonders |
| 8:40 | Scout |
| 9:01 | Huntress |
| 9:37 | Fan of Knives |
| 10:47 | Mountain Giant |
| 10:48 | Mountain Giant |
| 11:01 | Blink |
| 11:05 | Huntress |
| 11:06 | Huntress |
| 11:07 | Huntress |
| 11:08 | Moon Armor |
| 11:23 | Tree of Eternity |
| 11:30 | Huntress |
| 12:43 | Druid of the Claw Adept Training |
| 13:00 | Huntress |
| 13:01 | Improved Moon Armor |
| 13:45 | Chimaera Roost |
| 13:52 | Moon Well |
| 13:52 | Moon Well |
| 15:23 | Huntress |
| 16:19 | Chimaera |
| 16:27 | Druid of the Claw Master Training |
| 16:40 | Wisp |
| 16:41 | Wisp |
| 17:03 | Druid of the Claw |
| 17:19 | Huntress |
| 17:55 | Huntress |
| 18:11 | Chimaera |
| 18:42 | Mark of the Claw |
| 19:02 | Huntress |
| 19:04 | Huntress |
| 19:16 | Mountain Giant |
| 19:37 | Strength of the Wild |
| 19:50 | Ancient Protector |
| Right click | 574 |
| Select | 270 |
| Chat | 183 |
| Build/train/purchase | 67 |
| Use ability | 9 |
| Remove unit | 2 |
| Minimap ping | 2 |

| Peasant | 7 | 525 | / | 0 |
| Footman | 4 | 540 | / | 0 |
| total: | 11 | 1065g | / | 0w |
| Altar of Kings | 1 | 180 | / | 50 |
| Farm | 3 | 240 | / | 60 |
| Barracks | 1 | 160 | / | 60 |
| Blacksmith | 2 | 280 | / | 120 |
| total: | 7 | 860g | / | 290w |
| 0:13 | Altar of Kings |
| 0:19 | Farm |
| 0:21 | Peasant |
| 0:21 | Peasant |
| 0:21 | Peasant |
| 0:22 | Peasant |
| 1:07 | Barracks |
| 1:49 | Farm |
| 1:53 | Peasant |
| 1:53 | Peasant |
| 1:53 | Peasant |
| 2:29 | Blacksmith |
| 3:05 | Devotion Aura |
| 3:15 | Footman |
| 3:15 | Footman |
| 3:46 | Blacksmith |
| 3:57 | Footman |
| 3:57 | Footman |
| 5:16 | Farm |
| Right click | 110 |
| Select | 39 |
| Build/train/purchase | 15 |
| Assign group | 1 |
| Misc. action | 1 |
| Use ability | 1 |
⇛